 Dungeon Crawl Stone Soup version 0.16-a0-3873-g452e4d5 (webtiles) character file.

40 HungrySpirit the Charmwright (level 3, -8/25 HPs)
             Began as a High Elf Skald on Feb 1, 2015.
             Killed from afar by Terence (12 damage)
             ... with a wand of flame
             ... on level 2 of the Dungeon.
             The game lasted 00:04:03 (1763 turns).

HungrySpirit the Charmwright (High Elf Skald)       Turns: 1763, Time: 00:04:03

Health: -8/25      AC:  3    Str: 11    XL:     3   Next: 30%
Magic:  6/8        EV: 12    Int: 15    God:
Gold:   82         SH:  0    Dex: 16    Spells: 2 memorised, 3 levels left

rFire  . . .     SeeInvis .     a - +0 short sword
rCold  . . .     Clarity  .     o - +0 leather armour
rNeg   . . .     SustAb   .     (no shield)
rPois  .         Gourm    .     (no helmet)
rElec  .         Spirit   .     (no cloak)
rCorr  .         Warding  .     (no gloves)
rMut   .         Stasis   .     (no boots)
MR     .....                    (no amulet)
Stlth  +.........               (no ring)
                                (no ring)

@: infused, not resistant to hostile enchantments, very unstealthy
A: no striking features
a: no special abilities


You were on level 2 of the Dungeon.
You were near starving.

You visited 1 branch of the dungeon, and saw 2 of its levels.

You collected 82 gold pieces.

Inventory:

Hand weapons
 a - a +0 short sword (weapon)
Missiles
 f - 7 javelins (quivered)
Armour
 o - a +0 leather armour (worn)
Jewellery
 b - an uncursed amulet of clarity {unknown}
 q - an uncursed ring of positive energy {unknown}
Scrolls
 e - a scroll of fog {unknown}
 h - 5 scrolls of identify {unknown}
 i - a scroll of enchant armour {unknown}
 l - 3 scrolls of teleportation {unknown}
 m - a scroll of remove curse {unknown}
Potions
 j - a potion of curing {unknown}
 n - a potion of poison {unknown}
 p - a potion of beneficial mutation {unknown}
Books
 c - a book of Battle

   Spells                             Type                      Level
   a - Infusion                       Charms                       1
   b - Shroud of Golubria             Charms/Translocation         2
   c - Song of Slaying                Charms                       2
   d - Spectral Weapon                Hexes/Charms                 3
   e - Regeneration                   Charms/Necromancy            3
Comestibles
 d - 2 bread rations
 g - 9 fruits
 k - a meat ration


   Skills:
 + Level 2.6 Fighting
 * Level 3.6 Short Blades
 - Level 0.8 Armour
 + Level 1.7 Dodging
 - Level 2.4 Spellcasting
 + Level 3.7 Charms


You had 3 spell levels left.
You knew the following spells:

 Your Spells              Type           Power        Failure   Level  Hunger
a - Infusion              Chrm           ##....       10%         1    #......
b - Shroud of Golubria    Chrm/Tloc      #.........   24%         2    ###....


Dungeon Overview and Level Annotations

Branches:
Dungeon (2/15)

Altars:

Annotations:
D:2 Terence


Message History

Terence is nearby!
You start resting.
Casting: Infusion
Confirm with . or Enter, or press ? or * to list all spells.
You begin infusing your attacks with magical energy.
Terence zaps a wand.
The puff of flame hits you!
You barely miss Terence.
Terence shouts, "ATTACK!!!"
Terence zaps a wand.
The puff of flame hits you!
* * * LOW HITPOINT WARNING * * *
You are too injured to fight recklessly!
You hit Terence.
Terence is lightly wounded.
Terence zaps a wand.
The puff of flame hits you!
* * * LOW HITPOINT WARNING * * *
You closely miss Terence.
Terence is lightly wounded.
Terence says, "Don't bother to defend, it's senseless."
Terence zaps a wand.
The puff of flame hits you!
You die...

##..# #.....####...##
#..## #.....# #.....
#.## #.....####.....
#.###########....[...
#.##.. #........
#.##.# #........
####.##.#
#.#####.....
#.......# ..@. #.....
#.##.##@##..# #....#
# #....@...#..#
####.# ####.........
.# #.###.#### ..# #
####


You could see Terence.

Vanquished Creatures
  A worm (D:2)
  An ooze (D:1)
  10 bats (D:1)
  3 giant cockroaches (D:1)
  4 hobgoblins (D:1)
  5 kobolds
  3 giant geckos (D:1)
  A goblin (D:1)
  6 rats
34 creatures vanquished.

Notes
Turn   | Place    | Note
--------------------------------------------------------------
     0 | D:1      | HungrySpirit, the High Elf Skald, began the quest for the Orb.
     0 | D:1      | Reached XP level 1. HP: 14/14 MP: 4/4
   169 | D:1      | Reached XP level 2. HP: 9/19 MP: 6/6
  1038 | D:1      | Reached XP level 3. HP: 12/25 MP: 8/8
  1198 | D:1      | Learned a level 2 spell: Shroud of Golubria
  1753 | D:2      | Noticed Terence
  1763 | D:2      | Killed from afar by Terence

Action                   || total
-------------------------++-------
Melee: Short sword       ||   115
 Cast: Infusion          ||     5
  Eat: Fruit             ||     1
